 Dungeon Crawl Stone Soup version 0.24.0-123-gd5b16e6ec5 (webtiles) character file.

Game seed: 2602194882841555746, levelgen mode: deterministic

61212 Inkh4 the Thaumaturge (level 15, 0/114 HPs)
             Began as a Gnoll Wizard on Jan 23, 2020.
             Was an Elder of Ashenzari.
             Slain by an Executioner (17 damage)
             ... summoned by Asterion
             ... on level 1 of the Snake Pit.
             The game lasted 02:14:11 (33940 turns).

Inkh4 the Thaumaturge (Gnoll Wizard)               Turns: 33940, Time: 02:14:12

Health: 0/114      AC: 18    Str: 13    XL:     15   Next: 2%
Magic:  4/30       EV: 20    Int: 24    God:    Ashenzari [****..]
Gold:   623        SH:  7    Dex: 19    Spells: 8/37 levels left

rFire    . . .     SeeInvis +   Y - staff of conjuration
rCold    . . .     Gourm    +   q - +0 buckler
rNeg     . . .     Faith    .   C - +3 leather armour
rPois    +         Spirit   .   B - +1 helmet
rElec    .         Reflect  .   O - +0 cloak
rCorr    .         Harm     .   S - +2 pair of gloves
MR       +....     Clarity  +   J - +2 pair of boots of the Leaf {Dex+6} (curse)
Stlth    ++++++....             F - amulet of the gourmand (curse)
HPRegen  0.29/turn              c - ring of poison resistance (curse)
MPRegen  0.22/turn              z - ring of stealth (curse)

@: no status effects
A: distributed training, fangs 1, strong nose
a: Curse Item, Scrying, Renounce Religion


You were on level 1 of the Snake Pit.
You worshipped Ashenzari.
Ashenzari was greatly pleased with you.
You were very hungry.

You visited 5 branches of the dungeon, and saw 21 of its levels.
You also visited: Ice Cave.

You collected 2309 gold pieces.
You spent 1686 gold pieces at shops.

Inventory:

Hand Weapons
 r - the +0 scimitar "Jeppour" {elec, rF+ Str+4 Stlth+}
   (You bought it in a shop on level 2 of the Orcish Mines)

   Occasionally, upon striking a foe, it will discharge some electrical energy
   and cause terrible harm.
   It affects your strength (+4).
   It protects you from fire.
   It makes you more stealthy.
 Z - a +4 scimitar of flaming
Armour
 q - a +0 buckler (worn)
 B - a +1 helmet (worn)
 C - a +3 leather armour (worn)
 H - a scarf of cloud immunity
 J - the cursed +2 pair of boots of the Leaf (worn) {Dex+6}
   (You bought it in a shop on level 2 of the Orcish Mines)

   It affects your dexterity (+6).
   It has a curse placed upon it.
 K - a +1 ring mail of cold resistance
 O - a +0 cloak (worn)
 S - a +2 pair of gloves (worn)
Magical Staves
 Y - an uncursed staff of conjuration (weapon)
Jewellery
 c - a cursed ring of poison resistance (left hand)
 d - an uncursed ring of flight
 f - a +2 ring of dexterity
 x - an uncursed ring of protection from cold
 z - a cursed ring of stealth (right hand)
 F - a cursed amulet of the gourmand (around neck)
 I - an uncursed amulet of guardian spirit
 T - an uncursed ring of protection from fire
Wands
 b - a wand of flame (24)
 w - a wand of polymorph (17)
 E - a wand of iceblast (28)
 G - a wand of disintegration (13)
 L - a wand of acid (6)
 M - a wand of paralysis (17)
 U - a wand of random effects (45)
Scrolls
 a - a scroll of enchant armour
 h - 5 scrolls of amnesia
 t - a scroll of silence
 y - a scroll of fear
 A - a scroll of summoning {unknown}
 P - 6 scrolls of identify
 R - 2 scrolls of magic mapping
 V - 2 scrolls of blinking
 W - a scroll of teleportation
Potions
 e - 3 potions of might
 g - 5 potions of berserk rage
 i - a potion of resistance
 j - 5 potions of heal wounds
 k - 4 potions of lignification
 l - a potion of mutation
 o - 7 potions of agility
 p - 3 potions of ambrosia
 s - 7 potions of curing
 u - 4 potions of magic
 v - 2 potions of brilliance
 D - 3 potions of flight
 N - 3 potions of haste
Comestibles
 n - 35 rations


   Skills:
 + Level 9.5 Fighting
 + Level 9.5 Short Blades
 + Level 9.5 Long Blades
 + Level 9.5 Axes
 + Level 9.5 Maces & Flails
 + Level 9.5 Polearms
 + Level 9.5 Staves
 + Level 9.5 Slings
 + Level 9.5 Bows
 + Level 9.5 Crossbows
 + Level 9.5 Throwing
 + Level 9.5 Armour
 + Level 10.5 Dodging
 + Level 10.4 Stealth
 + Level 9.5 Shields
 + Level 9.5 Unarmed Combat
 + Level 11.7 Spellcasting
 + Level 8.3(11.7) Conjurations
 + Level 8.0(11.4) Hexes
 + Level 8.0(11.4) Charms
 + Level 8.3(11.7) Summonings
 + Level 8.0(11.4) Necromancy
 + Level 8.3(11.7) Translocations
 + Level 8.0(11.4) Transmutations
 + Level 8.0(11.4) Fire Magic
 + Level 8.0(11.4) Ice Magic
 + Level 8.0(11.4) Air Magic
 + Level 8.0(11.4) Earth Magic
 + Level 8.0(11.4) Poison Magic
 + Level 10.3 Invocations
 + Level 9.5(12.8) Evocations


You had 8 spell levels left.
You knew the following spells:

 Your Spells              Type           Power        Failure   Level  Hunger
a - Magic Dart            Conj           ####         1%          1    None
b - Spectral Weapon       Hex/Chrm       ######..     1%          3    None
c - Summon Lightning Spi  Summ/Air       ######..     1%          4    None
d - Summon Ice Beast      Ice/Summ       ######..     1%          4    None
e - Conjure Flame         Conj/Fire      #######.     1%          3    None
f - Mephitic Cloud        Conj/Pois/Air  #######.     1%          3    None
g - Simulacrum            Ice/Necr       ######....   8%          6    #####..
i - Blink                 Tloc           N/A          1%          2    None
k - Regeneration          Chrm/Necr      ######....   1%          3    None

Your spell library contained the following spells:

 Spells                   Type           Power        Failure   Level  Hunger
 Infusion                 Chrm           ####         1%          1    None
 Summon Small Mammal      Summ           ####         1%          1    None
 Call Imp                 Summ           ######..     1%          2    None
 Passwall                 Tmut/Erth      ######..     1%          2    None
 Shroud of Golubria       Chrm/Tloc      ######       1%          2    None
 Slow                     Hex            ######..     1%          2    None
 Song of Slaying          Chrm           ######..     1%          2    None
 Sublimation of Blood     Necr           ######....   1%          2    None
 Swiftness                Chrm/Air       ######..     1%          2    None
 Call Canine Familiar     Summ           ######..     1%          3    None
 Ignite Poison            Fire/Tmut/Pois ######..     1%          3    None
 Summon Guardian Golem    Hex/Summ       ######..     1%          3    None
 Ice Form                 Ice/Tmut       ######..     1%          4    None
 Passage of Golubria      Tloc           N/A          1%          4    None
 Petrify                  Tmut/Erth      ######..     1%          4    None
 Alistair's Intoxication  Tmut/Pois      ######..     1%          5    ###....
 Irradiate                Conj/Tmut      #######...   1%          5    ###....
 Lee's Rapid Deconstruct  Erth           ######....   1%          5    ###....
 Metabolic Englaciation   Hex/Ice        ######....   1%          5    ###....
 Bolt of Cold             Conj/Ice       #######...   7%          6    #####..
 Freezing Cloud           Conj/Ice/Air   #######...   7%          6    #####..
 Darkness                 Hex            ######....   8%          6    #####..
 Invisibility             Hex            ######..     8%          6    #####..
 Ozocubu's Refrigeration  Ice            ######....   8%          6    #####..


Dungeon Overview and Level Annotations

Branches:
Dungeon (11/15)            Temple (1/1) D:7            Lair (6/6) D:11
 Shoals (0/4) Lair:3        Snake (1/4) Lair:4        Slime (0/5) Lair:5
    Orc (2/2) D:9             Elf (0/3) Orc:2         IceCv (visited)

Altars:
Ashenzari
Cheibriados
Dithmenos
Elyvilon
Fedhas
Gozag
Hepliaklqana
Kikubaaqudgha
Makhleb
Nemelex Xobeh
Okawaru
Qazlal
Ru
Sif Muna
Trog
Uskayaw
Vehumet
Wu Jian
Xom
Yredelemnul
Zin
The Shining One
Beogh
Jiyva

Shops:
D:4 =   D:6 :   D:7 (   D:8 ?%   D:10 (   Orc:2 [*[:(

Annotations:
D:11 3 runed translucent doors, brucemayne's ghost, novice HOMo
Snake:1 Asterion


Innate Abilities, Weirdness & Mutations

Your experience applies equally to all skills.
You have very sharp teeth.
Your uncanny sense of smell can sniff out nearby items.


Message History

The Executioner hits your mature batshock beast but does no damage. x2
Your mature batshock beast bursts into living lightning!
The living lightning hits the Executioner!
The Executioner resists.
The living lightning hits your lightning spire.
Your lightning spire completely resists.
The living lightning hits your lightning spire.
Your lightning spire completely resists.
Your mature batshock beast blinks! x3
Asterion hits your lightning spire with a +3 morningstar of crushing!
Asterion gores your lightning spire.
Your lightning spire shoots out a bolt of lightning at Asterion!
The bolt of electricity hits Asterion!
Casting: Summon Ice Beast (safe; 1% risk of failure)
Confirm with . or Enter, or press ? or * to list all spells.
You blink.
Asterion hits your lightning spire with a +3 morningstar of crushing!
Your lightning spire is destroyed!
The Executioner hits you!
You die...

, * , #........ **
** , *#......# * *
,* #.....# ,, ** * *
#....# * ,, #.).###
, * ##÷....# * * ,
** ##.##.##.# ,** *
#######)###.# .. * ,
* , #..#.#.## #@##**
. ** , *, ##.....##
##1# *** #......##
#§# * , ,##.......#
#H# * * ,
#........## #.## *,
** ##.........#
#..#* * ,
#..)......#.#*##H#*
* ,
##.........#..#*#.#*
, ** , ##..........#
..##?. *****,


You could see Asterion (unaware), an Executioner and a friendly mature batshock
beast.

Vanquished Creatures
  An orc warlord (Orc:1)
  An ice dragon (Lair:4)
  A hydra (Lair:6)
  7 death yaks
  A naga sharpshooter (Snake:1)
  A sea snake (Lair:6)
  An unseen horror (D:11)
  A naga ritualist (Snake:1)
  4 orc knights
  2 orc sorcerers
  2 cyclopes
  A manticore (Lair:6)
  7 deep elf magi
  An ugly thing (D:11)
  A naga mage (Snake:1)
  A black mamba (Lair:6)
  A centaur zombie (D:10)
  14 elephants
  5 spiny frogs
  2 rime drakes (Lair:6)
  3 komodo dragons
  A troll (Orc:2)
  13 polar bears
  A merfolk (Lair:3)
  A hornet (D:10)
  2 dream sheep (Lair:6)
  11 blink frogs
  4 hippogriffs
  A shadow (D:11)
  27 yaks
  Menkaure (D:8)
  A warg (Orc:1)
  A naga (Snake:1)
  9 porcupines
  9 water moccasins
  26 orc warriors
  An ice beast (D:8)
  3 black bears (D:11)
  2 necrophages
  2 phantoms (D:11)
  A sky beast (D:8)
  9 wolves
  8 ogres
  3 centaurs
  8 crocodiles
  A big kobold (D:8)
  7 bullfrogs
  9 scorpions
  13 killer bees
  5 wights
  2 howler monkeys (D:5)
  2 bullfrog zombies
  A quasit (D:10)
  4 crimson imps
  5 jellies
  11 orc priests
  4 hounds
  4 centaur skeletons
  A bullfrog skeleton (D:8)
  26 orc wizards
  Jessica (D:2)
  A hell rat (Lair:5)
  5 iguanas
  6 worker ants
  2 hound zombies (D:11)
  A howler monkey zombie (D:11)
  3 worker ant zombies
  Robin (D:3)
  12 adders
  A shadow imp (D:9)
  6 oozes
  2 adder zombies
  5 worms
  A dart slug (D:5)
  6 leopard geckos
  78 orcs
  7 bats
  6 giant cockroaches
  12 goblins
  4 hobgoblins
  3 jackals
  8 quokkas
  A ball python (D:4)
  4 frilled lizards
  10 kobolds
  6 rats
  A butterfly (Lair:3)
  2 plants
  2 spectral weapons
495 creatures vanquished.

Vanquished Creatures (collateral kills)
  A frost giant (IceCv)
  Aizul (Snake:1)
  Erica (D:11)
  A merfolk avatar (Lair:6)
  An anaconda (Snake:1)
  3 naga warriors (Snake:1)
  2 hydras
  A death yak (Lair:5)
  2 naga sharpshooters (Snake:1)
  4 orc high priests (Orc:2)
  An unseen horror (D:10)
  A harpy (Lair:6)
  A salamander (Snake:1)
  3 mana vipers (Snake:1)
  An orc knight (Orc:2)
  A cyclops (D:11)
  4 orc sorcerers (Orc:2)
  2 deep elf magi (Orc:1)
  7 elephants
  A guardian serpent (Snake:1)
  A torpor snail (Lair:5)
  3 spiny frogs
  4 black mambas
  4 komodo dragons
  A troll (Orc:2)
  3 merfolk (Lair:3)
  3 polar bears
  A hippogriff (D:11)
  9 dream sheep
  5 blink frogs
  2 vampires
  20 yaks
  Eustachio (D:4)
  Grum (Lair:1)
  4 nagas
  A water moccasin (Lair:5)
  4 porcupines
  13 orc warriors
  6 crocodiles
  4 wolves
  4 bullfrogs
  2 electric eels (Lair:1)
  2 crimson imps
  12 orc wizards
  11 orc priests (Orc:2)
  2 hounds (D:11)
  3 hell rats (Lair:5)
  2 worker ants (D:4)
  A hound skeleton (D:4)
  An adder (D:4)
  31 orcs
  A butterfly (Lair:5)
  2 fungi (Lair:5)
  A plant (Lair:1)
204 creatures vanquished.

Vanquished Creatures (others)
  A wizard (D:7)
  2 polar bears
  2 wolves (IceCv)
  57 fungi
  29 plants
  8 spectral weapons
99 creatures vanquished.

Grand Total: 798 creatures vanquished

Notes
Turn   | Place    | Note
-------+----------+-------------------------------------------
     0 | D:1      | Inkh4 the Gnoll Wizard began the quest for the Orb.
     0 | D:1      | Reached XP level 1. HP: 13/13 MP: 8/8
   233 | D:3      | Noticed Jessica
   280 | D:1      | Reached XP level 2. HP: 16/19 MP: 1/10
   284 | D:1      | Learned a level 2 spell: Call Imp
   351 | D:1      | Learned a level 2 spell: Blink
   767 | D:1      | Reached XP level 3. HP: 25/25 MP: 7/11
   772 | D:1      | Learned a level 3 spell: Conjure Flame
   779 | D:1      | Learned a level 3 spell: Mephitic Cloud
  1241 | D:2      | Reached skill level 1 in Invocations
  1376 | D:2      | Reached skill level 1 in Fighting
  1376 | D:2      | Reached skill level 1 in Short Blades
  1376 | D:2      | Reached skill level 1 in Long Blades
  1376 | D:2      | Reached skill level 1 in Axes
  1376 | D:2      | Reached skill level 1 in Maces & Flails
  1376 | D:2      | Reached skill level 1 in Polearms
  1376 | D:2      | Reached skill level 1 in Staves
  1376 | D:2      | Reached skill level 1 in Slings
  1376 | D:2      | Reached skill level 1 in Bows
  1376 | D:2      | Reached skill level 1 in Crossbows
  1376 | D:2      | Reached skill level 1 in Throwing
  1376 | D:2      | Reached skill level 1 in Armour
  1376 | D:2      | Reached skill level 1 in Shields
  1376 | D:2      | Reached skill level 1 in Unarmed Combat
  1376 | D:2      | Reached skill level 1 in Evocations
  1389 | D:2      | Found a hazy altar of Hepliaklqana.
  1396 | D:2      | Found an ornate altar of the Wu Jian Council.
  1397 | D:2      | Found a sacrificial altar of Ru.
  1397 | D:2      | Found a radiant altar of Vehumet.
  1402 | D:2      | Found a shadowy altar of Dithmenos.
  1536 | D:2      | Killed Jessica
  1536 | D:2      | Reached XP level 4. HP: 32/32 MP: 1/13
  2236 | D:3      | Reached skill level 1 in Hexes
  2236 | D:3      | Reached skill level 1 in Charms
  2236 | D:3      | Reached skill level 1 in Necromancy
  2236 | D:3      | Reached skill level 1 in Transmutations
  2236 | D:3      | Reached skill level 1 in Fire Magic
  2236 | D:3      | Reached skill level 1 in Ice Magic
  2236 | D:3      | Reached skill level 1 in Air Magic
  2236 | D:3      | Reached skill level 1 in Earth Magic
  2236 | D:3      | Reached skill level 1 in Poison Magic
  2239 | D:3      | Noticed Robin
  2355 | D:3      | Killed Robin
  2605 | D:3      | Reached XP level 5. HP: 37/37 MP: 12/14
  3351 | D:3      | Found a glowing golden altar of the Shining One.
  3723 | D:4      | Reached XP level 6. HP: 44/44 MP: 8/16
  3999 | D:4      | Noticed Eustachio
  4084 | D:4      | Reached skill level 5 in Dodging
  4172 | D:4      | Killed Eustachio
  4295 | D:4      | Reached XP level 7. HP: 45/50 MP: 18/18
  4321 | D:4      | Found Foisti's Jewellery Boutique.
  4596 | D:5      | Entered Level 5 of the Dungeon
  4836 | D:5      | Got a bloodstained large shield
  4846 | D:5      | Identified the +1 large shield of Birdsong {rF+} (You found
                  | it on level 5 of the Dungeon)
  5234 | D:5      | Reached skill level 5 in Stealth
  5674 | D:5      | Reached XP level 8. HP: 57/57 MP: 16/19
  6180 | D:6      | Found Kinoeffi's Book Shoppe.
  6504 | D:6      | Reached skill level 8 in Spellcasting
  7123 | D:7      | Reached XP level 9. HP: 65/65 MP: 17/21
  7394 | D:7      | Found a staircase to the Ecumenical Temple.
  7403 | Temple   | Entered the Ecumenical Temple
  7695 | Temple   | Became a worshipper of Ashenzari the Shackled
  7854 | D:7      | Found a bloodstained altar of Trog.
  7856 | D:7      | Noticed a wizard
  7862 | D:7      | Killed a wizard
  8028 | D:7      | Found Zuapumax's Weapon Shoppe.
  8079 | D:7      | Noticed Menkaure
  9277 | D:8      | Found a hide-covered altar of Uskayaw.
  9277 | D:8      | Found a burning altar of Makhleb.
  9278 | D:8      | Found a sparkling altar of Nemelex Xobeh.
  9300 | D:8      | Reached skill level 5 in Invocations
  9524 | D:8      | Reached * piety under Ashenzari
  9788 | D:8      | Reached XP level 10. HP: 71/73 MP: 18/22
  9823 | D:8      | Found Qiylathe's Food Boutique.
 10165 | D:8      | Found Zakhlom's Magic Scroll Boutique.
 10394 | D:9      | Reached skill level 5 in Fighting
 10394 | D:9      | Reached skill level 5 in Short Blades
 10394 | D:9      | Reached skill level 5 in Long Blades
 10394 | D:9      | Reached skill level 5 in Axes
 10394 | D:9      | Reached skill level 5 in Maces & Flails
 10394 | D:9      | Reached skill level 5 in Polearms
 10394 | D:9      | Reached skill level 5 in Staves
 10394 | D:9      | Reached skill level 5 in Slings
 10394 | D:9      | Reached skill level 5 in Bows
 10394 | D:9      | Reached skill level 5 in Crossbows
 10394 | D:9      | Reached skill level 5 in Throwing
 10394 | D:9      | Reached skill level 5 in Armour
 10394 | D:9      | Reached skill level 5 in Shields
 10394 | D:9      | Reached skill level 5 in Unarmed Combat
 10394 | D:9      | Reached skill level 5 in Evocations
 11413 | D:9      | Found a staircase to the Orcish Mines.
 11730 | D:10     | Entered Level 10 of the Dungeon
 12049 | D:8      | Killed Menkaure
 12049 | D:8      | Reached skill level 9 in Spellcasting
 12100 | D:6      | Bought a book of Callings for 420 gold pieces
 12105 | D:6      | Learned a level 4 spell: Summon Lightning Spire
 12110 | D:6      | Learned a level 4 spell: Summon Ice Beast
 12246 | D:10     | Killed an unseen horror
 12246 | D:10     | Reached skill level 5 in Conjurations
 12246 | D:10     | Reached skill level 5 in Summonings
 12246 | D:10     | Reached skill level 5 in Translocations
 12419 | D:10     | Found Coaxtul's Weapon Shoppe.
 12712 | D:10     | Reached XP level 11. HP: 81/81 MP: 14/24
 13403 | D:11     | Noticed a brown ugly thing
 13487 | D:11     | Reached ** piety under Ashenzari
 13768 | D:11     | Noticed a cyclops
 13817 | D:11     | Killed a cyclops
 13860 | D:11     | Reached skill level 5 in Hexes
 13860 | D:11     | Reached skill level 5 in Charms
 13860 | D:11     | Reached skill level 5 in Necromancy
 13860 | D:11     | Reached skill level 5 in Transmutations
 13860 | D:11     | Reached skill level 5 in Fire Magic
 13860 | D:11     | Reached skill level 5 in Ice Magic
 13860 | D:11     | Reached skill level 5 in Air Magic
 13860 | D:11     | Reached skill level 5 in Earth Magic
 13860 | D:11     | Reached skill level 5 in Poison Magic
 14288 | D:11     | Found a runed translucent gate.
 14288 | D:11     | Found a runed translucent gate.
 14288 | D:11     | Found a runed translucent gate.
 14289 | D:11     | Noticed brucemayne's ghost (novice HOMo)
 14361 | D:11     | Found a staircase to the Lair.
 14691 | D:11     | Killed an unseen horror
 14876 | D:11     | Killed a brown ugly thing
 15257 | D:11     | Noticed Erica
 15269 | D:11     | Killed Erica
 15274 | D:11     | Noticed a cyclops
 15284 | D:11     | Killed a cyclops
 15559 | Lair:1   | Entered Level 1 of the Lair of Beasts
 15599 | Lair:1   | Noticed Grum
 15605 | Lair:1   | Killed Grum
 17035 | Lair:1   | Reached XP level 12. HP: 89/89 MP: 16/25
 17663 | Lair:2   | Noticed a seven-headed hydra
 17679 | Lair:2   | Killed a six-headed hydra
 17894 | Lair:2   | Reached skill level 10 in Spellcasting
 18643 | Lair:3   | Found a staircase to the Shoals.
 19228 | Lair:3   | Reached *** piety under Ashenzari
 19664 | Lair:4   | Found a staircase to the Snake Pit.
 19859 | Lair:4   | Found a frozen archway.
 19861 | Lair:4   | Noticed an ice dragon
 19876 | Lair:4   | Killed an ice dragon
 19963 | IceCv    | Entered an ice cave
 20636 | IceCv    | Noticed a death yak
 20639 | IceCv    | Noticed a death yak
 20645 | IceCv    | Killed a death yak
 20655 | IceCv    | Killed a death yak
 20655 | IceCv    | Reached XP level 13. HP: 55/98 MP: 25/27
 20977 | IceCv    | Noticed a frost giant
 21291 | IceCv    | Killed a frost giant
 21537 | Lair:4   | Learned a level 3 spell: Regeneration
 21541 | Lair:4   | Learned a level 3 spell: Spectral Weapon
 22245 | Lair:5   | Found a staircase to the Slime Pits.
 22245 | Lair:5   | Found a viscous altar of Jiyva.
 22780 | Lair:5   | Found the +8 demon blade "Leech" {vamp, rN+ AC-3 EV-3}
 22837 | Lair:5   | Reached **** piety under Ashenzari
 23727 | Lair:5   | Got the rapier "Tigah" {pierce, +Rage}
 23727 | Lair:5   | Identified the +5 rapier "Tigah" {pierce, +Rage} (You found
                  | it on level 5 of the Lair of Beasts)
 23844 | Lair:6   | Entered Level 6 of the Lair of Beasts
 25135 | Lair:6   | Reached skill level 11 in Spellcasting
 25375 | Lair:6   | Reached XP level 14. HP: 91/106 MP: 14/29
 26129 | Lair:6   | Reached skill level 10 in Dodging
 26891 | Orc:1    | Entered Level 1 of the Orcish Mines
 27839 | Orc:1    | Found a roughly hewn altar of Beogh.
 28403 | Orc:2    | Entered Level 2 of the Orcish Mines
 28403 | Orc:2    | Found a staircase to the Elven Halls.
 28411 | Orc:2    | Reached skill level 10 in Stealth
 28872 | Orc:2    | Paralysed by an orc sorcerer for 3 turns
 29606 | Orc:2    | Reached skill level 10 in Invocations
 30672 | Orc:2    | Found Nysumang's Armour Boutique.
 31331 | Orc:2    | Noticed an orc warlord
 31372 | Orc:1    | Killed an orc warlord
 31578 | Orc:2    | Found Koscheh's General Store.
 31579 | Orc:2    | Found Ofuch's Book Shop.
 31583 | Orc:2    | Found Ylankoh's Antique Armour Shop.
 31583 | Orc:2    | Found Fearghiu's Antique Weapon Boutique.
 31659 | Orc:2    | Bought a bloodstained scimitar for 153 gold pieces
 31659 | Orc:2    | Identified the cursed +0 scimitar "Jeppour" {elec, rF+
                  | Str+4 Stlth+} (You bought it in a shop on level 2 of the
                  | Orcish Mines)
 31661 | Orc:2    | Bought a pair of transparent boots for 209 gold pieces
 31666 | Orc:2    | Identified the +2 pair of boots of the Leaf {Dex+6} (You
                  | bought it in a shop on level 2 of the Orcish Mines)
 31679 | Orc:2    | Bought a scroll of acquirement for 832 gold pieces
 31860 | Snake:1  | Entered Level 1 of the Snake Pit
 32771 | Snake:1  | Noticed Asterion
 33165 | D:8      | Bought a scroll of remove curse for 36 gold pieces
 33165 | D:8      | Bought a scroll of remove curse for 36 gold pieces
 33765 | Snake:1  | Learned a level 6 spell: Simulacrum
 33808 | Snake:1  | Reached XP level 15. HP: 114/114 MP: 12/30
 33906 | Snake:1  | Noticed Aizul
 33923 | Snake:1  | Killed Aizul
 33929 | Snake:1  | Noticed an Executioner
 33940 | Snake:1  | Slain by an Executioner

Levels and vault maps discovered:
D:1:      enne_arrival_octagon_isle, layout_rooms, minmay_split_cup_small
D:2:      layout_loops_cross, minitemple
D:3:      layout_loops_ring, tso_altar, nrook_mini_vaults, uniq_robin,
          uniq_jessica
D:4:      layout_basic, serial_shops, kennysheep_mini, first_ration,
          corner_web_ring, uniq_eustachio
D:5:      minmay_bubble_buster, layout_loops_ring
D:6:      layout_basic, serial_shops, nicolae_shop_stone
D:7:      layout_gridville, minmay_temple_entry_statues_pillars, serial_shops,
          shop, trog_wizard, uniq_menkaure
D:8:      layout_basic, gammafunk_temple_overflow_claw, serial_shops,
          nicolae_shop_trees, nicolae_shop_competitors_out_of_business
D:9:      layout_roguey, david_orc_3, hangedman_little_slice_of_home
D:10:     layout_rooms, serial_shops, nicolae_shop_waterfront
D:11:     layout_irregular_city, due_lair_maze_entry_diamond,
          ebering_ghost_rock_garden, minmay_radiant, uniq_erica
Temple:   oiseaux_autumnal_temple
Lair:1:   layout_cave_shapes, serial_bayou, serial_bayou_pond_b,
          serial_bayou_lagoon_b, serial_bayou_lagoon_a, serial_bayou_pond_c,
          serial_bayou_pond_a, serial_bayou_ford_a, uniq_grum
Lair:2:   layout_chaotic_city
Lair:3:   layout_chaotic_city, elwin_shoals_entry_stream, lemuel_fruit_fields
Lair:4:   layout_cave_pods, minmay_snake_entry_guardpost_small,
          portal_ice_cave_entry_animals_and_master
Lair:5:   layout_cave_pods, slime_altar_1, lemuel_fruit_fields,
          lemuel_fruit_tree
Lair:6:   gammafunk_lair_ancient_temple, layout_gridlike,
          infiniplex_staircase_pool_2
Snake:1:  layout_chambers, uniq_asterion, uniq_aizul, uniq_josephine
Orc:1:    layout_caves, basic_altar, elves_outpost_lemuel
Orc:2:    st_orc_congregation, layout_caves, serial_shops, shop

Skill      XL: |  1  2  3  4  5  6  7  8  9 10 11 12 13 14 |
---------------+-------------------------------------------+-----
Conjurations   | 2 3 4 5 6 7 8 |  8.3
Summonings     | 2 3 4 5 6 7 8 |  8.3
Translocations | 2 3 4 5 6 7 8 |  8.3
Invocations    | 1 2 3 4 5 6 7 8 9 10 | 10.3
Fighting       | 1 2 3 4 5 6 7 8 9 |  9.5
Short Blades   | 1 2 3 4 5 6 7 8 9 |  9.5
Long Blades    | 1 2 3 4 5 6 7 8 9 |  9.5
Axes           | 1 2 3 4 5 6 7 8 9 |  9.5
Maces & Flails | 1 2 3 4 5 6 7 8 9 |  9.5
Polearms       | 1 2 3 4 5 6 7 8 9 |  9.5
Staves         | 1 2 3 4 5 6 7 8 9 |  9.5
Slings         | 1 2 3 4 5 6 7 8 9 |  9.5
Bows           | 1 2 3 4 5 6 7 8 9 |  9.5
Crossbows      | 1 2 3 4 5 6 7 8 9 |  9.5
Throwing       | 1 2 3 4 5 6 7 8 9 |  9.5
Armour         | 1 2 3 4 5 6 7 8 9 |  9.5
Shields        | 1 2 3 4 5 6 7 8 9 |  9.5
Unarmed Combat | 1 2 3 4 5 6 7 8 9 |  9.5
Evocations     | 1 2 3 4 5 6 7 8 9 |  9.5
Hexes          | 1 2 3 4 5 6 7 8 |  8.0
Charms         | 1 2 3 4 5 6 7 8 |  8.0
Necromancy     | 1 2 3 4 5 6 7 8 |  8.0
Transmutations | 1 2 3 4 5 6 7 8 |  8.0
Fire Magic     | 1 2 3 4 5 6 7 8 |  8.0
Ice Magic      | 1 2 3 4 5 6 7 8 |  8.0
Air Magic      | 1 2 3 4 5 6 7 8 |  8.0
Earth Magic    | 1 2 3 4 5 6 7 8 |  8.0
Poison Magic   | 1 2 3 4 5 6 7 8 |  8.0
Dodging        | 5 6 7 8 9 10 | 10.5
Stealth        | 5 6 7 8 9 10 | 10.4
Spellcasting   | 8 9 10 11 | 11.7

Action                   |  1- 3 |  4- 6 |  7- 9 | 10-12 | 13-15 || total
-------------------------+-------+-------+-------+-------+-------++-------
Melee: Unarmed           |     1 |       |       |       |       ||     1
       Dagger            |     1 |     1 |       |       |       ||     2
       Flail             |       |    22 |       |       |       ||    22
       Falchion          |       |     3 |   161 |   317 |       ||   481
       Bite              |       |       |    19 |    50 |    56 ||   125
       Scimitar          |       |       |       |    88 |   363 ||   451
       Rapier            |       |       |       |       |    16 ||    16
       Staff             |       |       |       |       |     7 ||     7
 Fire: Hunting sling     |       |       |    39 |     6 |       ||    45
 Cast: Magic Dart        |    69 |   132 |   179 |   203 |    49 ||   632
       Mephitic Cloud    |     1 |     6 |    32 |    43 |    66 ||   148
       Conjure Flame     |     1 |     4 |    33 |    39 |    25 ||   102
       Call Imp          |       |     6 |     2 |     4 |       ||    12
       Summon Ice Beast  |       |       |       |    59 |   139 ||   198
       Summon Lightning  |       |       |       |    34 |    72 ||   106
       Blink             |       |       |       |     2 |    12 ||    14
       Spectral Weapon   |       |       |       |       |    55 ||    55
       Regeneration      |       |       |       |       |     5 ||     5
       Simulacrum        |       |       |       |       |     2 ||     2
Invok: Curse Item        |       |       |       |       |     4 ||     4
Evoke: Wand              |       |       |       |     7 |     2 ||     9
       Box of beasts     |       |       |       |     2 |     5 ||     7
  Use: Scroll            |       |     9 |     3 |    19 |     4 ||    35
       Potion            |       |       |       |     2 |     2 ||     4
 Stab: Confused          |       |     1 |     9 |    15 |    21 ||    46
       Sleeping          |       |       |     3 |     5 |     3 ||    11
       Distracted        |       |       |       |     4 |     7 ||    11
  Eat: Chunk             |     2 |     7 |    18 |    24 |    21 ||    72
       Ration            |       |       |       |     4 |     6 ||    10
Armor: Robe              |     4 |     3 |       |       |       ||     7
       Leather armour    |       |     6 |    39 |   103 |   106 ||   254
       Ring mail         |       |       |       |     2 |    11 ||    13
Dodge: Dodged            |    14 |    34 |    87 |   222 |   350 ||   707
Block: Buckler           |     1 |    11 |    24 |    84 |   151 ||   271
       Rpst.: Falchion   |       |       |    35 |    54 |       ||    89
       Scimitar          |       |       |       |    17 |    68 ||    85
